 Dungeon Crawl Stone Soup version 0.24-a0-500-g46574c2197 (webtiles) character file.

Game seed: 4881708351299570432

370 Akello the Digger (level 6, -6/35 HPs)
             Began as a Gnoll Earth Elementalist on July 15, 2019.
             Mangled by Ijyb
             ... wielding a +5 club
              (7 damage)
             ... on level 4 of the Dungeon.
             The game lasted 00:06:21 (4330 turns).

Akello the Digger (Gnoll Earth Elementalist)        Turns: 4330, Time: 00:06:22

Health: -6/35      AC:  0    Str:  8 (10) XL:     6   Next: 70%
Magic:  10/14      EV: 15    Int: 16 (19) God:
Gold:   244        SH:  0    Dex: 15 (16) Spells: 6/15 levels left

rFire    . . .     SeeInvis .   q - +3 halberd (flame)
rCold    . . .     Gourm    .   (shield currently unavailable)
rNeg     . . .     Faith    .   c - +0 robe
rPois    .         Spirit   .   (helmet restricted)
rElec    .         Reflect  .   (no cloak)
rCorr    .         Harm     .   e - +1 pair of gloves
MR       +....                  (no boots)
Stlth    +++.......             (no amulet)
HPRegen  0.11/turn              a - ring of protection from magic
MPRegen  0.14/turn              t - ring of wizardry

@: corroded
A: distributed training, fangs 1, horns 1, frail 2, strong nose
a: no special abilities


You were on level 4 of the Dungeon.
You were not hungry.

You visited 1 branch of the dungeon, and saw 4 of its levels.

You collected 244 gold pieces.

Inventory:

Hand Weapons
 m - a +0 hunting sling
 p - a +0 hand axe
 q - a +3 halberd of flaming (weapon)
Missiles
 b - 23 stones (quivered)
 v - 24 sling bullets
Armour
 c - a +0 robe (worn)
 e - a +1 pair of gloves (worn)
Jewellery
 a - a ring of protection from magic (left hand)
 t - a ring of wizardry (right hand)
Scrolls
 f - a scroll of noise {unknown}
Potions
 j - a potion of flight
 r - a potion of might
Comestibles
 d - 6 rations


   Skills:
 + Level 2.0 Fighting
 + Level 2.0 Short Blades
 + Level 2.0 Long Blades
 + Level 2.0 Axes
 + Level 2.0 Maces & Flails
 + Level 2.0 Polearms
 + Level 2.0 Staves
 + Level 2.0 Slings
 + Level 2.0 Bows
 + Level 2.0 Crossbows
 + Level 2.0 Throwing
 + Level 2.0 Armour
 + Level 5.0 Dodging
 + Level 4.6 Stealth
 + Level 2.0 Shields
 + Level 2.0 Unarmed Combat
 + Level 5.4 Spellcasting
 + Level 1.6 Conjurations
 + Level 1.6 Hexes
 + Level 1.6 Charms
 + Level 1.6 Summonings
 + Level 1.6 Necromancy
 + Level 1.6 Translocations
 + Level 2.7 Transmutations
 + Level 1.6 Fire Magic
 + Level 1.6 Ice Magic
 + Level 1.6 Air Magic
 + Level 5.7 Earth Magic
 + Level 1.6 Poison Magic
 + Level 2.2 Invocations
 + Level 2.0 Evocations


You had 6 spell levels left.
You knew the following spells:

 Your Spells              Type           Power        Failure   Level  Hunger
a - Sandblast             Erth           ###...       1%          1    None
b - Stone Arrow           Conj/Erth      ###...       4%          3    ###....
c - Lee's Rapid Deconstr  Erth           ###.......   16%         5    ######.

Your spell library contained the following spells:

 Spells                   Type           Power        Failure   Level  Hunger
 Passwall                 Tmut/Erth      ###.....     1%          2    #......
 Petrify                  Tmut/Erth      ###.....     11%         4    ####...


Dungeon Overview and Level Annotations

Branches:
Dungeon (4/15)
 Temple: D:4-7

Altars:
Ashenzari
Okawaru
Trog
Beogh

Shops:
D:4 *

Annotations:
D:4 Ijyb; Necrophagist's ghost, amateur HOFi


Innate Abilities, Weirdness & Mutations

Your experience applies equally to all skills.
You have very sharp teeth.
Your uncanny sense of smell can sniff out nearby items.
You have a pair of small horns on your head.
You are very frail. (-20% HP)


Message History

Confirm with . or Enter, or press ? or * to list all spells.
Aiming: Sandblast (safe; 1% risk of failure)
Press: ? - help, Shift-Dir - straight line, f/p - Ijyb
Aim: Ijyb, wielding a +5 club, wearing a +0 leather armour and carrying a wand of acid (7) (heavily wounded)
The blast of sand hits Ijyb.
Ijyb is severely wounded.
b - 24 stones Ijyb screams, "I cut your head off!"
Ijyb hits you with a +5 club.
* * * LOW HITPOINT WARNING * * *
Casting: Sandblast (safe; 1% risk of failure)
Confirm with . or Enter, or press ? or * to list all spells.
Aiming: Sandblast (safe; 1% risk of failure)
Press: ? - help, Shift-Dir - straight line, f/p - Ijyb
Aim: Ijyb, wielding a +5 club, wearing a +0 leather armour and carrying a wand of acid (7) (severely wounded)
The blast of sand hits Ijyb but does no damage.
Ijyb is severely wounded.
b - 23 stones Ijyb hits you with a +5 club!
You die...

#.............## ##..#
###..........## #.###
##.......### #.#
###....## ##.. #...###
##..# #.....####...#
#......##...###
##..##......g..####
#...##......@.....#
#...##......#######
##...##......##
#.............##
####..............##
##...........#.....#
.............#.......#
..###........#........#
### #..............####


You could see Ijyb.

Vanquished Creatures
  The ghost of Akello the Skirmisher, an amateur HOFi (D:3)
  2 orc wizards (D:3)
  An iguana (D:3)
  3 gnolls (D:3)
  5 adders
  3 worms
  3 dart slugs
  3 leopard geckos
  19 orcs
  A ball python (D:2)
  5 giant cockroaches
  8 hobgoblins
  7 jackals (D:1)
  10 kobolds
  5 bats
  3 frilled lizards
  7 goblins
  10 rats
96 creatures vanquished.

Notes
Turn   | Place    | Note
-------+----------+-------------------------------------------
     0 | D:1      | Akello the Gnoll Earth Elementalist began the quest for the
                  | Orb.
     0 | D:1      | Reached XP level 1. HP: 13/13 MP: 6/6
    37 | D:1      | Reached XP level 2. HP: 9/19 MP: 0/7
   464 | D:1      | Found a shattered altar of Ashenzari.
   470 | D:1      | Reached XP level 3. HP: 21/25 MP: 5/9
   548 | D:1      | Reached skill level 5 in Spellcasting
  1007 | D:2      | Reached skill level 1 in Invocations
  1119 | D:2      | Found a bloodstained altar of Trog.
  1130 | D:2      | Reached skill level 1 in Fighting
  1130 | D:2      | Reached skill level 1 in Short Blades
  1130 | D:2      | Reached skill level 1 in Long Blades
  1130 | D:2      | Reached skill level 1 in Axes
  1130 | D:2      | Reached skill level 1 in Maces & Flails
  1130 | D:2      | Reached skill level 1 in Polearms
  1130 | D:2      | Reached skill level 1 in Staves
  1130 | D:2      | Reached skill level 1 in Slings
  1130 | D:2      | Reached skill level 1 in Bows
  1130 | D:2      | Reached skill level 1 in Crossbows
  1130 | D:2      | Reached skill level 1 in Throwing
  1130 | D:2      | Reached skill level 1 in Armour
  1130 | D:2      | Reached skill level 1 in Shields
  1130 | D:2      | Reached skill level 1 in Unarmed Combat
  1130 | D:2      | Reached skill level 1 in Evocations
  1167 | D:2      | Learned a level 3 spell: Stone Arrow
  1215 | D:2      | Reached XP level 4. HP: 32/32 MP: 9/11
  1738 | D:3      | Reached skill level 1 in Conjurations
  1738 | D:3      | Reached skill level 1 in Hexes
  1738 | D:3      | Reached skill level 1 in Charms
  1738 | D:3      | Reached skill level 1 in Summonings
  1738 | D:3      | Reached skill level 1 in Necromancy
  1738 | D:3      | Reached skill level 1 in Translocations
  1738 | D:3      | Reached skill level 1 in Fire Magic
  1738 | D:3      | Reached skill level 1 in Ice Magic
  1738 | D:3      | Reached skill level 1 in Air Magic
  1738 | D:3      | Reached skill level 1 in Poison Magic
  1742 | D:3      | Reached XP level 5. HP: 37/37 MP: 2/12
  2262 | D:3      | Reached XP level 6. HP: 28/44 MP: 3/13
  2512 | D:3      | Found a runed translucent gate.
  2512 | D:3      | Found a runed translucent gate.
  2514 | D:3      | Found a runed translucent gate.
  2514 | D:3      | Noticed Akello's ghost (amateur HOFi)
  2529 | D:3      | Found a roughly hewn altar of Beogh.
  2800 | D:3      | Killed Akello's ghost
  2800 | D:3      | Reached skill level 5 in Dodging
  3559 | D:4      | Found an iron altar of Okawaru.
  3578 | D:4      | Found Gaevonn's Assorted Antiques.
  3590 | D:4      | Learned a level 5 spell: Lee's Rapid Deconstruction
  3590 | D:4      | Gained mutation: You are frail. (-10% HP) [potion of
                  | mutation]
  3590 | D:4      | Gained mutation: You are very frail. (-20% HP) [potion of
                  | mutation]
  3590 | D:4      | Gained mutation: You have a pair of small horns on your
                  | head. [potion of mutation]
  3612 | D:4      | Noticed Necrophagist's ghost (amateur HOFi)
  4324 | D:4      | Noticed Ijyb
  4329 | D:4      | HP: 1/35 [Ijyb/+5 club (5)]
  4330 | D:4      | Mangled by Ijyb

Levels and vault maps discovered:
D:1:      dpeg_arrival_oval, layout_loops_ring, chequers_serial_rivers_small_3,
          chequers_serial_rivers_micro_c, evilmike_ruin_ashenzari
D:2:      layout_basic, trog_three_pillars_becter
D:3:      layout_loops_corners, biasface_ghost_orc_armoury,
          serial_co_window_serial, co_window_paths_a, co_window_paths_b,
          co_window_corner_a, co_window_paths_b, co_window_corner_a,
          co_window_2corner, co_window_corner_b, co_window_corner_cb,
          co_window_of_opportunity_c, co_window_corner_cb, co_window_corner_cb,
          glass_columns_c, glass_columns_a, glass_columns_c, glass_columns_a,
          glass_columns_a, minmay_liquid_box, hangedman_decor_riveting
D:4:      layout_layer_cave, nicolae_overflow_crystal_walls, temple_pool_b,
          nicolae_ossuary_entry_plus, serial_shops, shop,
          hellmonk_ghost_happy_afterlife, okawaru_gym_becter, uniq_ijyb

Skill      XL: |  1  2  3  4  5  6 |
---------------+-------------------+-----
Transmutations | 2 |  2.7
Spellcasting   | 5 |  5.4
Invocations    | 1 2 |  2.2
Fighting       | 1 2 |  2.0
Short Blades   | 1 2 |  2.0
Long Blades    | 1 2 |  2.0
Axes           | 1 2 |  2.0
Maces & Flails | 1 2 |  2.0
Polearms       | 1 2 |  2.0
Staves         | 1 2 |  2.0
Slings         | 1 2 |  2.0
Bows           | 1 2 |  2.0
Crossbows      | 1 2 |  2.0
Throwing       | 1 2 |  2.0
Armour         | 1 2 |  2.0
Shields        | 1 2 |  2.0
Unarmed Combat | 1 2 |  2.0
Evocations     | 1 2 |  2.0
Conjurations   | 1 |  1.6
Hexes          | 1 |  1.6
Charms         | 1 |  1.6
Summonings     | 1 |  1.6
Necromancy     | 1 |  1.6
Translocations | 1 |  1.6
Fire Magic     | 1 |  1.6
Ice Magic      | 1 |  1.6
Air Magic      | 1 |  1.6
Poison Magic   | 1 |  1.6
Dodging        | 5 |  5.0
Stealth        | |  4.6
Earth Magic    | |  5.7

Action                   |  1- 3 |  4- 6 || total
-------------------------+-------+-------++-------
Melee: Unarmed           |     2 |       ||     2
       Halberd           |       |    46 ||    46
 Fire: Hunting sling     |       |     4 ||     4
 Cast: Sandblast         |    62 |    69 ||   131
       Stone Arrow       |       |     3 ||     3
  Use: Scroll            |       |     6 ||     6
       Potion            |       |     6 ||     6
 Stab: Sleeping          |       |     5 ||     5
  Eat: Chunk             |     1 |     4 ||     5
       Ration            |       |     2 ||     2
Armor: Robe              |     3 |     7 ||    10
Dodge: Dodged            |    14 |    44 ||    58

Table legend:
 A = Non-vault XP
 B = Vault XP
 C = Vault XP percentage of total XP
 D = Non-vault monster count
 E = Vault monster count
 F = Vault count percentage of total count
                 A         B        C        D         E       F
            +---------+---------+-------+---------+---------+-------
      Total |     390 |     139 |  26.3 |      90 |       6 |   6.2
            +---------+---------+-------+---------+---------+-------
        D:1 |      56 |       0 |   0.0 |      30 |       0 |   0.0
        D:2 |      46 |       0 |   0.0 |      19 |       0 |   0.0
        D:3 |     250 |     139 |  35.7 |      35 |       6 |  14.6
        D:4 |      38 |       0 |   0.0 |       6 |       0 |   0.0
            +---------+---------+-------+---------+---------+-------
